Kings vs Canucks

Created - Friday, March 13, 2015 at 01:18

Goals
1 2 3 T
Kings 0 1 0 1
Canucks 1 1 0 2
Shots
1 2 3 T
Kings 7 6 12 25
Canucks 5 14 8 27

1st period

1. Canucks , Cody Hodgson 18 (Derick Brassard, Mats Zuccarello) at 12:16

Penalties :
Adam McQuaid (LA ) for High sticking (Minor) at 3:43, Carl Soderberg (LA ) for Hooking (Minor) at 8:16, Adam McQuaid (LA ) for Slashing (Minor) at 13:42

2nd period

2. Kings , Tyler Seguin 32 (Milan Lucic) at 1:24 (PP)
3. Canucks , Joel Ward 15 (Victor Hedman, Andrei Markov) at 16:21 (PP)

Penalties :
Christopher Tanev (Van) for Roughing (Minor) at 1:13, Brenden Morrow (LA ) for Hooking (Minor) at 12:31, Tomas Kopecky (LA ) for Interference (Minor) at 15:59

3rd period

No Goal

Penalties :
Ladislav Smid (LA ) for Holding (Minor) at 15:32, Henrik Tallinder (LA ) for Hooking (Minor) at 19:53

Goalie Stats

Sergei Bobrovsky (LA ), 25 saves from 27 shots - (0.926), L, 45-14-3, 59:25 minutes
Ben Bishop (Van), 24 saves from 25 shots - (0.960), W, 45-7-9, 60:00 minutes

Players Stats for Kings

Player Name              G  A  P  +/- PIM S  H  SB GA TA FO     MP     PP MP  PK MP  
------------------------------------------------------------------------------------
Adam McQuaid             0  0  0  -1  4   3  1  2  0  2  0/0    14:55   0:00   1:11 
Brenden Morrow           0  0  0  -1  2   0  1  0  1  0  0/3    10:36   0:00   1:51 
Cam Fowler               0  0  0   0  0   2  0  3  0  0  0/0    25:57   0:11   6:43 
Carl Soderberg           0  0  0   0  2   2  1  0  6  0  1/1    15:14   0:00   0:00 
Duncan Keith             0  0  0   0  0   3  0  2  0  1  0/0    25:57   0:11   6:43 
Evgeny Kuznetsov         0  0  0   0  0   0  0  1  1  0  0/2    15:04   0:00   0:05 
Henrik Tallinder         0  0  0  -1  2   1  1  0  0  0  0/0    13:06   0:00   0:00 
Ladislav Smid            0  0  0   0  2   1  2  0  0  2  0/0    19:43   0:00   2:29 
Matt Cullen              0  0  0   0  0   2  2  0  3  0  0/0    14:25   0:00   0:00 
Mika Zibanejad           0  0  0   0  0   2  1  0  0  0  0/0    15:24   0:11   3:16 
Milan Lucic              0  1  1   0  0   0  1  0  1  0  3/4    15:24   0:11   3:16 
Nick Bjugstad            0  0  0   0  0   3  1  1  1  0  3/8    15:53   0:00   0:00 
Ryan Johansen            0  0  0   0  0   2  1  0  1  1  10/14  22:01   0:00   6:43 
Tomas Kopecky            0  0  0   0  2   0  0  0  0  0  0/0    15:14   0:00   0:00 
Tyler Seguin             1  0  1  -1  0   4  0  0  3  0  11/16  23:01   0:11   5:35 
Vincent Trocheck         0  0  0  -1  0   0  0  0  0  0  1/3     6:36   0:00   0:00 
Vladislav Namestnikov    0  0  0   0  0   0  0  0  0  0  0/0     0:00   0:00   0:00 
Zbynek Michalek          0  0  0   0  0   0  0  3  1  2  0/0    20:55   0:00   3:40 

Players Stats for Canucks

Player Name              G  A  P  +/- PIM S  H  SB GA TA FO     MP     PP MP  PK MP  
------------------------------------------------------------------------------------
Andrei Markov            0  1  1   0  0   1  2  3  0  2  0/0    24:13   5:29   0:11 
Boyd Gordon              0  0  0   0  0   1  1  1  0  0  3/4    12:08   0:00   0:11 
Brendan Gallagher        0  0  0   0  0   0  0  0  3  0  0/0     9:40   0:00   0:00 
Casey Cizikas            0  0  0   0  0   0  1  0  2  0  0/0     9:51   0:00   0:11 
Christopher Tanev        0  0  0   0  2   0  0  1  0  2  0/0    18:20   0:00   0:00 
Clarke MacArthur         0  0  0   0  0   2  2  0  3  0  0/1    20:20   5:04   0:00 
Cody Hodgson             1  0  1   1  0   5  0  0  2  0  7/17   17:51   5:19   0:00 
Derick Brassard          0  1  1   1  0   3  2  0  0  0  1/2    17:51   5:19   0:00 
Jared Cowen              0  0  0   1  0   0  2  2  0  1  0/0    10:35   0:00   0:00 
Joel Ward                1  0  1   0  0   2  0  0  0  1  1/1    20:20   5:04   0:00 
Mats Zuccarello          0  1  1   1  0   4  1  0  3  0  0/2    17:51   5:19   0:00 
Matt Moulson             0  0  0   0  0   0  0  0  1  0  0/0    11:57   0:00   0:00 
Michael Grabner          0  0  0   0  0   1  2  1  3  0  1/1    17:30   4:54   0:00 
Niklas Hjalmarsson       0  0  0   0  0   1  0  1  0  2  0/0    23:14   4:54   0:00 
Pavel Datsyuk            0  0  0   0  0   4  1  0  3  0  7/19   20:20   5:04   0:00 
Ryan White               0  0  0   0  0   2  0  1  0  1  2/4     9:40   0:00   0:00 
Victor Hedman            0  1  1   0  0   1  0  1  0  1  0/0    25:30   5:29   0:11 
Willie Mitchell          0  0  0   1  0   0  0  0  0  0  0/0    12:32   0:00   0:00 

3 Stars

1 - Ben Bishop (Van)
2 - Cody Hodgson (Van)
3 - Derick Brassard (Van)

Power Play

Kings - 1 on 1 Attempt(s) - 100.00%
Canucks - 1 on 7 Attempt(s) - 14.29%

Penalty Kill

Kings - 6 on 7 Attempt(s) - 85.71% - Score 0 goal in Penalty Kill
Canucks - 0 on 1 Attempt(s) - 0.00% - Score 0 goal in Penalty Kill

Team Stat

Kings - Hits : 12 - Faceoff Wins : 29 - Blocked Shots : 12 - Penalty Minutes : 14
Canucks - Hits : 14 - Faceoff Wins : 22 - Blocked Shots : 11 - Penalty Minutes : 2

Official

Referees : Unknown
Linesman : Unknown

Game Notes

16:21 of 2nd period - Canucks goal is going for a video replay. After video review, Goal.
Jared Cowen is injured at 13:00 of 3rd period (Bruised Right Arm)

Finance

Level 1 -- Attendance: 5725 (95.42%) -- Ticket Income $458,000
Level 2 -- Attendance: 4893 (97.86%) -- Ticket Income $259,329
Level 3 -- Attendance: 1884 (94.20%) -- Ticket Income $58,404
Level 4 -- Attendance: 3492 (87.30%) -- Ticket Income $59,364
Luxury Box -- Attendance: 960 (96.00%) -- Ticket Income $168,960
Game was played at the Rogers Place'
Total Attendance: 16954 (94.19%)
Total Ticket Income: $1,004,057
Other Income: $491,988
Total Income: $1,496,045

Kings

5 vs 5 Forward 
   Center                   Left Wing                Right Wing               Time % Phy DF OF 
 1 Tyler Seguin             Milan Lucic              Mika Zibanejad           35     1   2  2  
 2 Ryan Johansen            Tomas Kopecky            Carl Soderberg           30     1   2  2  
 3 Nick Bjugstad            Matt Cullen              Evgeny Kuznetsov         22     1   2  2  
 4 Vincent Trocheck         Brenden Morrow           Tyler Seguin             13     1   2  2  

5 vs 5 Defense 
   Defense                  Defense                                           Time % Phy DF OF 
 1 Duncan Keith             Cam Fowler                                        35     1   2  2  
 2 Zbynek Michalek          Ladislav Smid                                     30     1   2  2  
 3 Henrik Tallinder         Adam McQuaid                                      22     1   2  2  
 4 Duncan Keith             Cam Fowler                                        13     1   2  2  

PowerPlay Forward 
   Center                   Left Wing                Right Wing               Time % Phy DF OF 
 1 Tyler Seguin             Milan Lucic              Mika Zibanejad           60     1   2  2  
 2 Ryan Johansen            Tomas Kopecky            Carl Soderberg           40     1   2  2  

PowerPlay Defense
   Defense                  Defense                                           Time % Phy DF OF 
 1 Duncan Keith             Cam Fowler                                        60     1   2  2  
 2 Zbynek Michalek          Ladislav Smid                                     40     1   2  2  

Penalty Kill 4 Players Forward 
   Center                   Wing                     Time % Phy DF OF 
 1 Tyler Seguin             Ryan Johansen            60     1   2  2  
 2 Milan Lucic              Mika Zibanejad           40     1   2  2  

Penalty Kill 4 Players Defense
   Defense                  Defense                  Time % Phy DF OF 
 1 Duncan Keith             Cam Fowler               60     1   2  2  
 2 Zbynek Michalek          Ladislav Smid            40     1   2  2  

Penalty Kill - 3 Players Forward 
   Forward                                           Time % Phy DF OF 
 1 Tyler Seguin                                      60     1   2  2  
 2 Ryan Johansen                                     40     1   2  2  

Penalty Kill - 3 Players Defense
   Defense                  Defense                  Time % Phy DF OF 
 1 Duncan Keith             Cam Fowler               60     1   2  2  
 2 Zbynek Michalek          Ladislav Smid            40     1   2  2  

4 vs 4 Forward 
   Center                   Wing                     Time % Phy DF OF 
 1 Tyler Seguin             Ryan Johansen            60     1   2  2  
 2 Milan Lucic              Mika Zibanejad           40     1   2  2  

4 vs 4 Defense
   Defense                  Defense                  Time % Phy DF OF 
 1 Duncan Keith             Cam Fowler               60     1   2  2  
 2 Zbynek Michalek          Ladislav Smid            40     1   2  2  

Last Minutes Offensive
   Center                   Left Wing                Right Wing               Defense                  Defense                  
   Tyler Seguin             Milan Lucic              Mika Zibanejad           Duncan Keith             Cam Fowler               

Last Minutes Defensive
   Center                   Left Wing                Right Wing               Defense                  Defense                  
   Tyler Seguin             Milan Lucic              Mika Zibanejad           Duncan Keith             Cam Fowler               

Goaltenders
Starting : Sergei Bobrovsky         
Backup : Niklas Svedberg          

Extra Forwards
Normal : Nick Bjugstad, Matt Cullen, Brenden Morrow - PP : Nick Bjugstad, Matt Cullen - PK : Brenden Morrow
Extra Defensemen
Normal : Henrik Tallinder, Adam McQuaid, Zbynek Michalek - PP : Henrik Tallinder - PK : Adam McQuaid, Zbynek Michalek
Penalty Shots
Tyler Seguin, Ryan Johansen, Milan Lucic, Mika Zibanejad, Tomas Kopecky

Canucks

5 vs 5 Forward 
   Center                   Left Wing                Right Wing               Time % Phy DF OF 
 1 Pavel Datsyuk            Clarke MacArthur         Joel Ward                40     1   2  2  
 2 Cody Hodgson             Derick Brassard          Mats Zuccarello          30     1   2  2  
 3 Boyd Gordon              Matt Moulson             Michael Grabner          20     1   2  2  
 4 Ryan White               Casey Cizikas            Brendan Gallagher        10     1   3  1  

5 vs 5 Defense 
   Defense                  Defense                                           Time % Phy DF OF 
 1 Andrei Markov            Victor Hedman                                     40     1   2  2  
 2 Christopher Tanev        Niklas Hjalmarsson                                35     1   2  2  
 3 Jared Cowen              Willie Mitchell                                   20     1   2  2  
 4 Andrei Markov            Victor Hedman                                     5      1   2  2  

PowerPlay Forward 
   Center                   Left Wing                Right Wing               Time % Phy DF OF 
 1 Pavel Datsyuk            Clarke MacArthur         Joel Ward                60     0   1  4  
 2 Cody Hodgson             Derick Brassard          Mats Zuccarello          40     0   1  4  

PowerPlay Defense
   Defense                  Defense                                           Time % Phy DF OF 
 1 Andrei Markov            Victor Hedman                                     60     1   1  3  
 2 Michael Grabner          Niklas Hjalmarsson                                40     1   1  3  

Penalty Kill 4 Players Forward 
   Center                   Wing                     Time % Phy DF OF 
 1 Boyd Gordon              Casey Cizikas            60     1   3  1  
 2 Ryan White               Michael Grabner          40     1   3  1  

Penalty Kill 4 Players Defense
   Defense                  Defense                  Time % Phy DF OF 
 1 Andrei Markov            Victor Hedman            60     1   3  1  
 2 Christopher Tanev        Willie Mitchell          40     1   3  1  

Penalty Kill - 3 Players Forward 
   Forward                                           Time % Phy DF OF 
 1 Boyd Gordon                                       60     1   2  2  
 2 Ryan White                                        40     1   2  2  

Penalty Kill - 3 Players Defense
   Defense                  Defense                  Time % Phy DF OF 
 1 Andrei Markov            Victor Hedman            60     1   2  2  
 2 Christopher Tanev        Willie Mitchell          40     1   2  2  

4 vs 4 Forward 
   Center                   Wing                     Time % Phy DF OF 
 1 Pavel Datsyuk            Mats Zuccarello          60     1   2  2  
 2 Derick Brassard          Clarke MacArthur         40     1   2  2  

4 vs 4 Defense
   Defense                  Defense                  Time % Phy DF OF 
 1 Andrei Markov            Victor Hedman            60     1   2  2  
 2 Christopher Tanev        Niklas Hjalmarsson       40     1   2  2  

Last Minutes Offensive
   Center                   Left Wing                Right Wing               Defense                  Defense                  
   Pavel Datsyuk            Derick Brassard          Mats Zuccarello          Andrei Markov            Victor Hedman            

Last Minutes Defensive
   Center                   Left Wing                Right Wing               Defense                  Defense                  
   Boyd Gordon              Casey Cizikas            Joel Ward                Christopher Tanev        Victor Hedman            

Goaltenders
Starting : Ben Bishop               
Backup : Peter Budaj              

Extra Forwards
Normal : Cody Hodgson, Brendan Gallagher, Mats Zuccarello - PP : Cody Hodgson, Brendan Gallagher - PK : Joel Ward
Extra Defensemen
Normal : Jared Cowen, Victor Hedman, Christopher Tanev - PP : Niklas Hjalmarsson - PK : Christopher Tanev, Willie Mitchell
Penalty Shots
Mats Zuccarello, Pavel Datsyuk, Derick Brassard, Joel Ward, Cody Hodgson

% Time on Ice - Kings

Lines # - Real PCT - Wanted PCT - Time Play
Normal Forward
1 - 27% - 35% - 13:12
2 - 32% - 30% - 15:44
3 - 28% - 22% - 13:54
4 - 13% - 13% - 6:36
Normal Defense
1 - 33% - 35% - 16:19
2 - 35% - 30% - 17:16
3 - 27% - 22% - 13:07
4 - 6% - 13% - 2:44
PP Forward
1 - 100% - 60% - 0:11
2 - 0% - 40% - 0:00
PP Defense
1 - 100% - 60% - 0:11
2 - 0% - 40% - 0:00
PK Forward
1 - 69% - 60% - 7:07
2 - 31% - 40% - 3:16
PK Defense
1 - 65% - 60% - 6:43
2 - 35% - 40% - 3:40
PK3 Forward
1 - 0% - 60%
2 - 0% - 40%
PK3 Defense
1 - 0% - 60%
2 - 0% - 40%
44 Forward
1 - 0% - 60%
2 - 0% - 40%
44 Defense
1 - 0% - 60%
2 - 0% - 40%
Last Minute Offensive  - 0:00
Last Minute Defensive  - 0:00
Total
Forward - 60:00
Defense - 60:00

% Time on Ice - Canucks

Lines # - Real PCT - Wanted PCT - Time Play
Normal Forward
1 - 31% - 40% - 15:17
2 - 25% - 30% - 12:32
3 - 24% - 20% - 11:57
4 - 20% - 10% - 9:40
Normal Defense
1 - 38% - 40% - 18:33
2 - 37% - 35% - 18:20
3 - 25% - 20% - 12:33
4 - 0% - 5% - 0:00
PP Forward
1 - 49% - 60% - 5:04
2 - 51% - 40% - 5:19
PP Defense
1 - 53% - 60% - 5:29
2 - 47% - 40% - 4:54
PK Forward
1 - 100% - 60% - 0:11
2 - 0% - 40% - 0:00
PK Defense
1 - 100% - 60% - 0:11
2 - 0% - 40% - 0:00
PK3 Forward
1 - 0% - 60%
2 - 0% - 40%
PK3 Defense
1 - 0% - 60%
2 - 0% - 40%
44 Forward
1 - 0% - 60%
2 - 0% - 40%
44 Defense
1 - 0% - 60%
2 - 0% - 40%
Last Minute Offensive  - 0:00
Last Minute Defensive  - 0:00
Total
Forward - 60:00
Defense - 60:00

Play by Play

1st period


0:01 of 1st period - Milan Lucic wins face-off versus Pavel Datsyuk in neutral zone.
3:15 of 1st period - Slapshot by Pavel Datsyuk.
3:15 of 1st period - Shot Misses the Net.
3:27 of 1st period - Snap shot by Pavel Datsyuk.
3:27 of 1st period - Shot Misses the Net.
3:29 of 1st period - Slapshot by Christopher Tanev.
3:29 of 1st period - Deflect By Pavel Datsyuk.
3:29 of 1st period - Shot Misses the Net.
3:29 of 1st period - Puck is out of play.
3:30 of 1st period - Cody Hodgson wins face-off versus Ryan Johansen in Kings zone.
3:41 of 1st period - Snap shot by Derick Brassard.
3:41 of 1st period - Shot Blocked by Adam McQuaid.
3:43 of 1st period - Minor Penalty to Adam McQuaid for High sticking.
3:44 of 1st period - Pavel Datsyuk wins face-off versus Tyler Seguin in Kings zone.
4:36 of 1st period - Mika Zibanejad is hit by Andrei Markov and loses puck.
4:53 of 1st period - Slapshot by Mats Zuccarello.
4:53 of 1st period - Stopped by Sergei Bobrovsky with a rebound.
5:03 of 1st period - Wrist shot by Derick Brassard.
5:03 of 1st period - Shot Misses the Net.
5:43 of 1st period - Penalty to Adam McQuaid is over, Adam McQuaid is back on ice.
5:45 of 1st period - Wrist shot by Cody Hodgson.
5:45 of 1st period - Stopped by Sergei Bobrovsky without a rebound.
5:46 of 1st period - Cody Hodgson wins face-off versus Nick Bjugstad in Kings zone.
6:01 of 1st period - Slapshot by Andrei Markov.
6:01 of 1st period - Shot Misses the Net.
6:09 of 1st period - Nick Bjugstad is hit by Casey Cizikas and loses puck.
6:38 of 1st period - Adam McQuaid is hit by Jared Cowen.
6:42 of 1st period - Nick Bjugstad is hit by Michael Grabner and loses puck.
6:47 of 1st period - Wrist shot by Michael Grabner.
6:47 of 1st period - Shot Misses the Net.
6:51 of 1st period - Snap shot by Boyd Gordon.
6:51 of 1st period - Stopped by Sergei Bobrovsky with a rebound.
7:21 of 1st period - Snap shot by Carl Soderberg.
7:21 of 1st period - Deflect By Ryan Johansen.
7:21 of 1st period - Shot Misses the Net.
7:21 of 1st period - Puck is out of play.
7:22 of 1st period - Tyler Seguin wins face-off versus Pavel Datsyuk in Canucks zone.
7:43 of 1st period - Backhand shot by Pavel Datsyuk.
7:43 of 1st period - Shot Blocked by Zbynek Michalek.
7:45 of 1st period - Wrist shot by Joel Ward.
7:45 of 1st period - Shot Blocked by Zbynek Michalek.
8:16 of 1st period - Minor Penalty to Carl Soderberg for Hooking.
8:17 of 1st period - Cody Hodgson wins face-off versus Brenden Morrow in Kings zone.
8:28 of 1st period - Slapshot by Cam Fowler.
8:28 of 1st period - Stopped by Ben Bishop with a rebound.
8:30 of 1st period - Slapshot by Cam Fowler.
8:30 of 1st period - Deflect By Ryan Johansen.
8:30 of 1st period - Shot Misses the Net.
8:30 of 1st period - Puck is out of play.
8:31 of 1st period - Cody Hodgson wins face-off versus Brenden Morrow in Canucks zone.
9:04 of 1st period - Snap shot by Mats Zuccarello.
9:04 of 1st period - Stopped by Sergei Bobrovsky without a rebound.
9:05 of 1st period - Pavel Datsyuk wins face-off versus Milan Lucic in Kings zone.
10:16 of 1st period - Penalty to Carl Soderberg is over, Carl Soderberg is back on ice.
10:36 of 1st period - Niklas Hjalmarsson is hit by Matt Cullen and loses puck.
11:50 of 1st period - Off-side.
11:51 of 1st period - Vincent Trocheck wins face-off versus Cody Hodgson in neutral zone.
11:54 of 1st period - Jared Cowen is hit by Adam McQuaid and loses puck.
11:58 of 1st period - Icing by Willie Mitchell.
11:59 of 1st period - Derick Brassard wins face-off versus Vincent Trocheck in Canucks zone.
12:16 of 1st period - Snap shot by Derick Brassard.
12:16 of 1st period - Deflect By Cody Hodgson.
12:16 of 1st period - Goal by Cody Hodgson - Kings : 0 - Canucks : 1.
12:17 of 1st period - Tyler Seguin wins face-off versus Pavel Datsyuk in neutral zone.
12:22 of 1st period - Snap shot by Mika Zibanejad.
12:22 of 1st period - Stopped by Ben Bishop with a rebound.
12:24 of 1st period - Slapshot by Cam Fowler.
12:24 of 1st period - Shot Blocked by Andrei Markov.
12:26 of 1st period - Slapshot by Mika Zibanejad.
12:26 of 1st period - Stopped by Ben Bishop without a rebound.
12:27 of 1st period - Tyler Seguin wins face-off versus Pavel Datsyuk in Canucks zone.
12:40 of 1st period - Snap shot by Tyler Seguin.
12:40 of 1st period - Shot Misses the Net.
12:42 of 1st period - Wrist shot by Tyler Seguin.
12:42 of 1st period - Stopped by Ben Bishop with a rebound.
12:44 of 1st period - Slapshot by Cam Fowler.
12:44 of 1st period - Shot Misses the Net.
12:46 of 1st period - Slapshot by Cam Fowler.
12:46 of 1st period - Shot Misses the Net.
12:50 of 1st period - Snap shot by Tyler Seguin.
12:50 of 1st period - Stopped by Ben Bishop with a rebound.
12:52 of 1st period - Snap shot by Milan Lucic.
12:52 of 1st period - Shot Misses the Net.
12:54 of 1st period - Slapshot by Duncan Keith.
12:54 of 1st period - Stopped by Ben Bishop without a rebound.
12:55 of 1st period - Ryan Johansen wins face-off versus Cody Hodgson in Canucks zone.
13:42 of 1st period - Minor Penalty to Adam McQuaid for Slashing.
13:43 of 1st period - Tyler Seguin wins face-off versus Clarke MacArthur in Kings zone.
14:13 of 1st period - Slapshot by Joel Ward.
14:13 of 1st period - Shot Blocked by Cam Fowler.
15:42 of 1st period - Penalty to Adam McQuaid is over, Adam McQuaid is back on ice.
17:00 of 1st period - Mika Zibanejad is hit by Michael Grabner and loses puck.
17:25 of 1st period - Wrist shot by Carl Soderberg.
17:25 of 1st period - Stopped by Ben Bishop without a rebound.
17:26 of 1st period - Ryan Johansen wins face-off versus Mats Zuccarello in Canucks zone.
18:19 of 1st period - Ryan White is hit by Nick Bjugstad and loses puck.
Goals for this period are 0 for Kings vs 1 for Canucks.
Shots for this period are 7 for Kings vs 5 for Canucks.

2nd period


0:01 of 2nd period - Pavel Datsyuk wins face-off versus Tyler Seguin in neutral zone.
0:22 of 2nd period - Milan Lucic is hit by Clarke MacArthur and loses puck.
0:55 of 2nd period - Snap shot by Carl Soderberg.
0:55 of 2nd period - Shot Misses the Net.
0:57 of 2nd period - Wrist shot by Ryan Johansen.
0:57 of 2nd period - Stopped by Ben Bishop without a rebound.
0:58 of 2nd period - Ryan Johansen wins face-off versus Cody Hodgson in Canucks zone.
0:59 of 2nd period - Snap shot by Carl Soderberg.
0:59 of 2nd period - Stopped by Ben Bishop with a rebound.
1:10 of 2nd period - Slapshot by Zbynek Michalek.
1:10 of 2nd period - Deflect By Tomas Kopecky.
1:10 of 2nd period - Shot Misses the Net.
1:10 of 2nd period - Puck is out of play.
1:11 of 2nd period - Michael Grabner wins face-off versus Nick Bjugstad in Canucks zone.
1:13 of 2nd period - Minor Penalty to Christopher Tanev for Roughing.
1:14 of 2nd period - Tyler Seguin wins face-off versus Boyd Gordon in Canucks zone.
1:24 of 2nd period - Snap shot by Tyler Seguin.
1:24 of 2nd period - Goal by Tyler Seguin - Kings : 1 - Canucks : 1.
1:25 of 2nd period - Ryan Johansen wins face-off versus Pavel Datsyuk in neutral zone.
2:22 of 2nd period - Ladislav Smid is hit by Derick Brassard and loses puck.
2:41 of 2nd period - Slapshot by Tyler Seguin.
2:41 of 2nd period - Shot Misses the Net.
2:59 of 2nd period - Boyd Gordon is hit by Mika Zibanejad and loses puck.
3:16 of 2nd period - Slapshot by Victor Hedman.
3:16 of 2nd period - Shot Misses the Net.
3:18 of 2nd period - Backhand shot by Andrei Markov.
3:18 of 2nd period - Shot Blocked by Nick Bjugstad.
3:20 of 2nd period - Slapshot by Victor Hedman.
3:20 of 2nd period - Stopped by Sergei Bobrovsky with a rebound.
3:22 of 2nd period - Wrist shot by Michael Grabner.
3:22 of 2nd period - Stopped by Sergei Bobrovsky without a rebound.
3:23 of 2nd period - Nick Bjugstad wins face-off versus Ryan White in Kings zone.
4:47 of 2nd period - Henrik Tallinder is hit by Clarke MacArthur and loses puck.
5:04 of 2nd period - Wrist shot by Cody Hodgson.
5:04 of 2nd period - Stopped by Sergei Bobrovsky without a rebound.
5:05 of 2nd period - Ryan Johansen wins face-off versus Cody Hodgson in Kings zone.
5:05 of 2nd period - Ryan Johansen is hit by Mats Zuccarello.
5:50 of 2nd period - Boyd Gordon is hit by Ryan Johansen.
6:46 of 2nd period - Christopher Tanev is hit by Ladislav Smid and loses puck.
6:59 of 2nd period - Snap shot by Pavel Datsyuk.
6:59 of 2nd period - Stopped by Sergei Bobrovsky with a rebound.
8:01 of 2nd period - Snap shot by Milan Lucic.
8:01 of 2nd period - Shot Misses the Net.
8:17 of 2nd period - Wrist shot by Derick Brassard.
8:17 of 2nd period - Shot Misses the Net.
8:27 of 2nd period - Wrist shot by Derick Brassard.
8:27 of 2nd period - Stopped by Sergei Bobrovsky with a rebound.
8:29 of 2nd period - Slapshot by Jared Cowen.
8:29 of 2nd period - Deflect By Mats Zuccarello.
8:29 of 2nd period - Shot Misses the Net.
8:29 of 2nd period - Puck is out of play.
8:30 of 2nd period - Boyd Gordon wins face-off versus Vincent Trocheck in Kings zone.
8:33 of 2nd period - Slapshot by Andrei Markov.
8:33 of 2nd period - Shot Misses the Net.
9:32 of 2nd period - Wrist shot by Evgeny Kuznetsov.
9:32 of 2nd period - Shot Blocked by Jared Cowen.
9:42 of 2nd period - Wrist shot by Pavel Datsyuk.
9:42 of 2nd period - Stopped by Sergei Bobrovsky with a rebound.
10:10 of 2nd period - Wrist shot by Derick Brassard.
10:10 of 2nd period - Shot Blocked by Adam McQuaid.
10:20 of 2nd period - Wrist shot by Mats Zuccarello.
10:20 of 2nd period - Stopped by Sergei Bobrovsky without a rebound.
10:21 of 2nd period - Ryan White wins face-off versus Ryan Johansen in Kings zone.
10:38 of 2nd period - Snap shot by Ryan Johansen.
10:38 of 2nd period - Shot Blocked by Andrei Markov.
12:06 of 2nd period - Joel Ward is hit by Brenden Morrow and loses puck.
12:13 of 2nd period - Slapshot by Jared Cowen.
12:13 of 2nd period - Shot Blocked by Zbynek Michalek.
12:15 of 2nd period - Wrist shot by Victor Hedman.
12:15 of 2nd period - Shot Misses the Net.
12:31 of 2nd period - Minor Penalty to Brenden Morrow for Hooking.
12:32 of 2nd period - Tyler Seguin wins face-off versus Cody Hodgson in Kings zone.
12:47 of 2nd period - Snap shot by Derick Brassard.
12:47 of 2nd period - Stopped by Sergei Bobrovsky without a rebound.
12:48 of 2nd period - Cody Hodgson wins face-off versus Tyler Seguin in Kings zone.
12:59 of 2nd period - Snap shot by Cody Hodgson.
12:59 of 2nd period - Stopped by Sergei Bobrovsky with a rebound.
13:35 of 2nd period - Wrist shot by Clarke MacArthur.
13:35 of 2nd period - Stopped by Sergei Bobrovsky with a rebound.
13:51 of 2nd period - Snap shot by Pavel Datsyuk.
13:51 of 2nd period - Shot Misses the Net.
13:53 of 2nd period - Backhand shot by Joel Ward.
13:53 of 2nd period - Shot Misses the Net.
14:01 of 2nd period - Wrist shot by Pavel Datsyuk.
14:01 of 2nd period - Deflect By Joel Ward.
14:01 of 2nd period - Stopped by Sergei Bobrovsky without a rebound.
14:02 of 2nd period - Milan Lucic wins face-off versus Derick Brassard in Kings zone.
14:22 of 2nd period - Icing by Victor Hedman.
14:23 of 2nd period - Milan Lucic wins face-off versus Cody Hodgson in Canucks zone.
14:31 of 2nd period - Penalty to Brenden Morrow is over, Brenden Morrow is back on ice.
15:32 of 2nd period - Snap shot by Nick Bjugstad.
15:32 of 2nd period - Shot Misses the Net.
15:34 of 2nd period - Slapshot by Henrik Tallinder.
15:34 of 2nd period - Shot Blocked by Niklas Hjalmarsson.
15:36 of 2nd period - Slapshot by Adam McQuaid.
15:36 of 2nd period - Stopped by Ben Bishop with a rebound.
15:38 of 2nd period - Snap shot by Henrik Tallinder.
15:38 of 2nd period - Shot Hit the Post.
15:48 of 2nd period - Christopher Tanev is hit by Henrik Tallinder and loses puck.
15:59 of 2nd period - Minor Penalty to Tomas Kopecky for Interference.
16:00 of 2nd period - Tyler Seguin wins face-off versus Pavel Datsyuk in Kings zone.
16:13 of 2nd period - Backhand shot by Andrei Markov.
16:13 of 2nd period - Shot Misses the Net.
16:15 of 2nd period - Snap shot by Joel Ward.
16:15 of 2nd period - Shot Misses the Net.
16:17 of 2nd period - Wrist shot by Victor Hedman.
16:17 of 2nd period - Shot Misses the Net.
16:19 of 2nd period - Snap shot by Victor Hedman.
16:19 of 2nd period - Shot Blocked by Duncan Keith.
16:21 of 2nd period - Snap shot by Joel Ward.
16:21 of 2nd period - Canucks goal is going for a video replay.
16:21 of 2nd period - The goal is good.
16:21 of 2nd period - Goal by Joel Ward - Kings : 1 - Canucks : 2.
16:22 of 2nd period - Pavel Datsyuk wins face-off versus Nick Bjugstad in neutral zone.
16:30 of 2nd period - Off-side.
16:31 of 2nd period - Pavel Datsyuk wins face-off versus Evgeny Kuznetsov in neutral zone.
16:47 of 2nd period - Wrist shot by Nick Bjugstad.
16:47 of 2nd period - Stopped by Ben Bishop without a rebound.
16:48 of 2nd period - Ryan Johansen wins face-off versus Mats Zuccarello in Canucks zone.
17:11 of 2nd period - Slapshot by Duncan Keith.
17:11 of 2nd period - Stopped by Ben Bishop with a rebound.
17:31 of 2nd period - Niklas Hjalmarsson is hit by Matt Cullen and loses puck.
17:36 of 2nd period - Wrist shot by Nick Bjugstad.
17:36 of 2nd period - Shot Misses the Net.
17:38 of 2nd period - Slapshot by Zbynek Michalek.
17:38 of 2nd period - Deflect By Evgeny Kuznetsov.
17:38 of 2nd period - Shot Blocked by Christopher Tanev.
17:38 of 2nd period - Puck is out of play.
17:39 of 2nd period - Nick Bjugstad wins face-off versus Pavel Datsyuk in Canucks zone.
18:15 of 2nd period - Slapshot by Clarke MacArthur.
18:15 of 2nd period - Shot Misses the Net.
18:17 of 2nd period - Slapshot by Victor Hedman.
18:17 of 2nd period - Shot Misses the Net.
18:52 of 2nd period - Wrist shot by Tyler Seguin.
18:52 of 2nd period - Deflect By Milan Lucic.
18:52 of 2nd period - Shot Misses the Net.
18:52 of 2nd period - Puck is out of play.
18:53 of 2nd period - Carl Soderberg wins face-off versus Ryan White in Canucks zone.
19:46 of 2nd period - Wrist shot by Cody Hodgson.
19:46 of 2nd period - Shot Misses the Net.
19:52 of 2nd period - Snap shot by Mats Zuccarello.
19:52 of 2nd period - Stopped by Sergei Bobrovsky with a rebound.
19:54 of 2nd period - Wrist shot by Derick Brassard.
19:54 of 2nd period - Shot Blocked by Cam Fowler.
19:56 of 2nd period - Snap shot by Cody Hodgson.
19:56 of 2nd period - Stopped by Sergei Bobrovsky with a rebound.
19:58 of 2nd period - Wrist shot by Willie Mitchell.
19:58 of 2nd period - Deflect By Mats Zuccarello.
19:58 of 2nd period - Shot Blocked by Duncan Keith.
19:58 of 2nd period - Puck is out of play.
19:59 of 2nd period - Tyler Seguin wins face-off versus Pavel Datsyuk in Kings zone.
Goals for this period are 1 for Kings vs 1 for Canucks.
Shots for this period are 6 for Kings vs 14 for Canucks.

3rd period


0:01 of 3rd period - Tyler Seguin wins face-off versus Pavel Datsyuk in neutral zone.
0:20 of 3rd period - Slapshot by Tyler Seguin.
0:20 of 3rd period - Shot Blocked by Victor Hedman.
0:22 of 3rd period - Slapshot by Cam Fowler.
0:22 of 3rd period - Shot Blocked by Andrei Markov.
0:26 of 3rd period - Snap shot by Duncan Keith.
0:26 of 3rd period - Stopped by Ben Bishop without a rebound.
0:27 of 3rd period - Ryan Johansen wins face-off versus Cody Hodgson in Canucks zone.
0:36 of 3rd period - Snap shot by Carl Soderberg.
0:36 of 3rd period - Shot Misses the Net.
0:38 of 3rd period - Snap shot by Ladislav Smid.
0:38 of 3rd period - Stopped by Ben Bishop with a rebound.
0:40 of 3rd period - Slapshot by Ladislav Smid.
0:40 of 3rd period - Deflect By Tomas Kopecky.
0:40 of 3rd period - Shot Misses the Net.
0:40 of 3rd period - Puck is out of play.
0:41 of 3rd period - Ryan Johansen wins face-off versus Cody Hodgson in Canucks zone.
1:06 of 3rd period - Niklas Hjalmarsson is hit by Carl Soderberg and loses puck.
1:49 of 3rd period - Tyler Seguin is hit by Pavel Datsyuk and loses puck.
1:56 of 3rd period - Niklas Hjalmarsson is hit by Milan Lucic and loses puck.
2:15 of 3rd period - Backhand shot by Andrei Markov.
2:15 of 3rd period - Deflect By Adam McQuaid.
2:15 of 3rd period - Stopped by Sergei Bobrovsky without a rebound.
2:16 of 3rd period - Boyd Gordon wins face-off versus Evgeny Kuznetsov in Kings zone.
2:28 of 3rd period - Snap shot by Andrei Markov.
2:28 of 3rd period - Shot Hit the Post.
2:48 of 3rd period - Wrist shot by Nick Bjugstad.
2:48 of 3rd period - Deflect By Matt Cullen.
2:48 of 3rd period - Stopped by Ben Bishop without a rebound.
2:49 of 3rd period - Cody Hodgson wins face-off versus Ryan Johansen in Canucks zone.
3:42 of 3rd period - Wrist shot by Tyler Seguin.
3:42 of 3rd period - Deflect By Pavel Datsyuk.
3:42 of 3rd period - Stopped by Ben Bishop without a rebound.
3:43 of 3rd period - Tyler Seguin wins face-off versus Pavel Datsyuk in Canucks zone.
4:48 of 3rd period - Slapshot by Matt Cullen.
4:48 of 3rd period - Shot Blocked by Boyd Gordon.
4:50 of 3rd period - Slapshot by Henrik Tallinder.
4:50 of 3rd period - Stopped by Ben Bishop with a rebound.
4:52 of 3rd period - Wrist shot by Nick Bjugstad.
4:52 of 3rd period - Shot Misses the Net.
4:54 of 3rd period - Slapshot by Adam McQuaid.
4:54 of 3rd period - Stopped by Ben Bishop with a rebound.
4:56 of 3rd period - Snap shot by Adam McQuaid.
4:56 of 3rd period - Shot Misses the Net.
4:58 of 3rd period - Wrist shot by Adam McQuaid.
4:58 of 3rd period - Deflect By Victor Hedman.
4:58 of 3rd period - Stopped by Ben Bishop without a rebound.
4:59 of 3rd period - Ryan Johansen wins face-off versus Cody Hodgson in Canucks zone.
5:04 of 3rd period - Wrist shot by Carl Soderberg.
5:04 of 3rd period - Shot Misses the Net.
5:36 of 3rd period - Slapshot by Cody Hodgson.
5:36 of 3rd period - Shot Misses the Net.
6:23 of 3rd period - Willie Mitchell is hit by Ladislav Smid and loses puck.
7:07 of 3rd period - Nick Bjugstad is hit by Jared Cowen and loses puck.
8:50 of 3rd period - Wrist shot by Pavel Datsyuk.
8:50 of 3rd period - Stopped by Sergei Bobrovsky without a rebound.
8:51 of 3rd period - Pavel Datsyuk wins face-off versus Brenden Morrow in Kings zone.
9:27 of 3rd period - Snap shot by Casey Cizikas.
9:27 of 3rd period - Shot Misses the Net.
9:29 of 3rd period - Slapshot by Willie Mitchell.
9:29 of 3rd period - Deflect By Brendan Gallagher.
9:29 of 3rd period - Shot Misses the Net.
9:29 of 3rd period - Puck is out of play.
9:30 of 3rd period - Ryan White wins face-off versus Nick Bjugstad in Kings zone.
9:51 of 3rd period - Wrist shot by Brendan Gallagher.
9:51 of 3rd period - Shot Blocked by Evgeny Kuznetsov.
9:53 of 3rd period - Slapshot by Ryan White.
9:53 of 3rd period - Stopped by Sergei Bobrovsky with a rebound.
9:55 of 3rd period - Wrist shot by Ryan White.
9:55 of 3rd period - Stopped by Sergei Bobrovsky without a rebound.
9:56 of 3rd period - Cody Hodgson wins face-off versus Ryan Johansen in Kings zone.
10:22 of 3rd period - Snap shot by Derick Brassard.
10:22 of 3rd period - Stopped by Sergei Bobrovsky with a rebound.
11:09 of 3rd period - Henrik Tallinder is hit by Andrei Markov and loses puck.
11:22 of 3rd period - Wrist shot by Matt Cullen.
11:22 of 3rd period - Stopped by Ben Bishop with a rebound.
11:42 of 3rd period - Zbynek Michalek is hit by Boyd Gordon and loses puck.
12:18 of 3rd period - Wrist shot by Casey Cizikas.
12:18 of 3rd period - Shot Misses the Net.
12:22 of 3rd period - Snap shot by Brendan Gallagher.
12:22 of 3rd period - Shot Misses the Net.
12:42 of 3rd period - Snap shot by Ryan Johansen.
12:42 of 3rd period - Shot Misses the Net.
12:44 of 3rd period - Slapshot by Cam Fowler.
12:44 of 3rd period - Stopped by Ben Bishop with a rebound.
12:46 of 3rd period - Wrist shot by Ryan Johansen.
12:46 of 3rd period - Stopped by Ben Bishop with a rebound.
12:48 of 3rd period - Backhand shot by Duncan Keith.
12:48 of 3rd period - Shot Blocked by Ryan White.
12:50 of 3rd period - Snap shot by Cam Fowler.
12:50 of 3rd period - Deflect By Ryan Johansen.
12:50 of 3rd period - Shot Misses the Net.
12:50 of 3rd period - Puck is out of play.
12:51 of 3rd period - Nick Bjugstad wins face-off versus Pavel Datsyuk in Canucks zone.
12:58 of 3rd period - Snap shot by Nick Bjugstad.
12:58 of 3rd period - Shot Misses the Net.
13:00 of 3rd period - Slapshot by Ladislav Smid.
13:00 of 3rd period - Shot Blocked by Jared Cowen.
13:00 of 3rd period - Jared Cowen from Canucks is injured at 13:00 of 3rd period (Bruised Right Arm).
13:01 of 3rd period - Joel Ward wins face-off versus Tyler Seguin in Canucks zone.
13:38 of 3rd period - Slapshot by Pavel Datsyuk.
13:38 of 3rd period - Shot Misses the Net.
14:59 of 3rd period - Wrist shot by Matt Moulson.
14:59 of 3rd period - Shot Misses the Net.
15:30 of 3rd period - Snap shot by Victor Hedman.
15:30 of 3rd period - Shot Misses the Net.
15:32 of 3rd period - Minor Penalty to Ladislav Smid for Holding.
15:33 of 3rd period - Pavel Datsyuk wins face-off versus Tyler Seguin in Kings zone.
15:34 of 3rd period - Slapshot by Andrei Markov.
15:34 of 3rd period - Shot Blocked by Cam Fowler.
15:36 of 3rd period - Slapshot by Clarke MacArthur.
15:36 of 3rd period - Stopped by Sergei Bobrovsky with a rebound.
16:01 of 3rd period - Wrist shot by Clarke MacArthur.
16:01 of 3rd period - Shot Misses the Net.
16:03 of 3rd period - Snap shot by Victor Hedman.
16:03 of 3rd period - Shot Misses the Net.
16:05 of 3rd period - Slapshot by Victor Hedman.
16:05 of 3rd period - Shot Misses the Net.
16:11 of 3rd period - Snap shot by Pavel Datsyuk.
16:11 of 3rd period - Stopped by Sergei Bobrovsky with a rebound.
17:32 of 3rd period - Penalty to Ladislav Smid is over, Ladislav Smid is back on ice.
17:37 of 3rd period - Brenden Morrow is hit by Derick Brassard.
18:17 of 3rd period - Snap shot by Nick Bjugstad.
18:17 of 3rd period - Stopped by Ben Bishop without a rebound.
18:18 of 3rd period - Boyd Gordon wins face-off versus Nick Bjugstad in Canucks zone.
18:23 of 3rd period - Snap shot by Nick Bjugstad.
18:23 of 3rd period - Stopped by Ben Bishop with a rebound.
18:25 of 3rd period - Slapshot by Evgeny Kuznetsov.
18:25 of 3rd period - Shot Misses the Net.
18:49 of 3rd period - Slapshot by Evgeny Kuznetsov.
18:49 of 3rd period - Shot Blocked by Michael Grabner.
19:09 of 3rd period - Snap shot by Pavel Datsyuk.
19:09 of 3rd period - Shot Misses the Net.
19:11 of 3rd period - Wrist shot by Niklas Hjalmarsson.
19:11 of 3rd period - Stopped by Sergei Bobrovsky without a rebound.
19:12 of 3rd period - Freddy Meyer call a timeout for Kings.
19:12 of 3rd period - Ryan Johansen wins face-off versus Pavel Datsyuk in Kings zone.
19:19 of 3rd period - Kings, Sergei Bobrovsky is pulled from the net.
19:21 of 3rd period - Snap shot by Ryan Johansen.
19:21 of 3rd period - Shot Misses the Net.
19:53 of 3rd period - Minor Penalty to Henrik Tallinder for Hooking.
19:54 of 3rd period - Sergei Bobrovsky from Kings was sent back in the game.
19:54 of 3rd period - Tyler Seguin wins face-off versus Cody Hodgson in Kings zone.
Goals for this period are 0 for Kings vs 0 for Canucks.
Shots for this period are 12 for Kings vs 8 for Canucks.


Output by the SimonT Hockey Simulator (STHS) for Eric Dolegowski -- Original Page W3C XHTML 1.0 Valid
Hockey Simulator - Hockey Simulation - Hockey Manager